 Dungeon Crawl Stone Soup version 0.18.1-6-gd335043 (webtiles) character file.

273 ololoev the Magician (level 6, -10/32 HPs)
             Began as a Deep Elf Ice Elementalist on May 19, 2016.
             Mangled by an ogre
             ... wielding a +0 giant club
              (23 damage)
             ... on level 4 of the Dungeon.
             The game lasted 00:08:09 (3480 turns).

ololoev the Magician (Deep Elf Ice Elementalist)    Turns: 3480, Time: 00:08:10

Health: -10/32     AC:  3    Str:  5    XL:     6   Next: 3%
Magic:  6/18       EV: 13    Int: 22    God:
Gold:   241        SH:  0    Dex: 15    Spells: 3 memorised, 12 levels left

rFire  . . .     SeeInvis +     a - +1 short sword (flame)
rCold  . . .     Gourm    .     r - +0 robe
rNeg   . . .     Faith    .     (no shield)
rPois  .         Spirit   .     s - +0 helmet
rElec  .         Dismiss  .     (no cloak)
rCorr  +         Reflect  .     (no gloves)
SustAt .         Harm     .     (no boots)
MR     .....                    (no amulet)
Stlth  ++........               m - ring of resist corrosion
                                d - ring of see invisible

@: very slightly contaminated, not resistant to hostile enchantments, unstealthy
A: no striking features
a: no special abilities

Inventory:

Hand Weapons
 a - a +1 short sword of flaming (weapon)
Armour
 r - a +0 robe (worn)
 s - a +0 helmet (worn)
Jewellery
 d - a ring of see invisible (left hand)
 m - a ring of resist corrosion (right hand)
Scrolls
 g - 4 scrolls of teleportation {unknown}
 h - a scroll of magic mapping {unknown}
 i - a scroll of random uselessness {unknown}
 j - 3 scrolls of identify {unknown}
 k - a scroll of remove curse {unknown}
 q - a scroll of fog {unknown}
 v - a scroll of amnesia {unknown}
Potions
 e - 2 potions of curing {unknown}
 l - 2 potions of agility {unknown}
 o - a potion of resistance {unknown}
 p - 2 potions of flight {unknown}
 u - a potion of heal wounds {unknown}
Books
 b - a book of Frost

   Spells                             Type                      Level
   a - Freeze                         Ice                          1
   b - Throw Frost                    Conjuration/Ice              2
   c - Ozocubu's Armour               Charms/Ice                   3
   d - Throw Icicle                   Conjuration/Ice              4
   e - Summon Ice Beast               Ice/Summoning                4
Comestibles
 c - 4 bread rations
 f - 5 fruits
 n - a royal jelly


   Skills:
 - Level 2.4 Dodging
 - Level 2.4 Stealth
 * Level 7.1 Spellcasting
 * Level 1.2 Conjurations
 + Level 5.0 Ice Magic


You had 12 spell levels left.
You knew the following spells:

 Your Spells              Type           Power        Failure   Level  Hunger
a - Freeze                Ice            ####         1%          1    None
b - Throw Frost           Conj/Ice       ###...       4%          2    None
c - Throw Icicle          Conj/Ice       ###.....     28%         4    ###....


You were on level 4 of the Dungeon.
You were not hungry.

You visited 1 branch of the dungeon, and saw 4 of its levels.

You collected 241 gold pieces.

#####################
....................#
...................$#
................@...#
###'#############O..#
.............. ...#
.............. ..$#
###'########## ...#
............ ...#
............ .[.#
##########+# ...#
......

Notes
Turn   | Place    | Note
--------------------------------------------------------------
     0 | D:1      | ololoev the Deep Elf Ice Elementalist began the quest for the Orb.
     0 | D:1      | Reached XP level 1. HP: 10/10 MP: 6/6
   130 | D:1      | Reached XP level 2. HP: 7/15 MP: 0/8
   285 | D:1      | Learned a level 2 spell: Throw Frost
   978 | D:2      | Reached skill level 4 in Spellcasting
   978 | D:2      | Reached XP level 3. HP: 19/19 MP: 4/10
  1450 | D:2      | Found a white marble altar of Elyvilon.
  1590 | D:2      | Found an opulent altar of Gozag.
  1951 | D:3      | Reached skill level 5 in Spellcasting
  2030 | D:3      | Reached XP level 4. HP: 24/24 MP: 10/13
  2073 | D:3      | Learned a level 4 spell: Throw Icicle
  2760 | D:3      | Reached skill level 6 in Spellcasting
  2763 | D:3      | Found a stormy altar of Qazlal.
  2802 | D:3      | Reached XP level 5. HP: 28/28 MP: 10/15
  3033 | D:4      | Noticed epen's ghost (amateur MfWr)
  3239 | D:4      | Killed epen's ghost
  3239 | D:4      | Reached skill level 7 in Spellcasting
  3239 | D:4      | Reached skill level 5 in Ice Magic
  3377 | D:4      | Reached XP level 6. HP: 32/32 MP: 13/18
  3480 | D:4      | Mangled by an ogre

Dungeon Overview and Level Annotations

Branches:
Dungeon (4/15)
 Temple: D:4-7

Altars:
Elyvilon
Gozag
Qazlal


Message History

The adder skeleton partially resists.
Casting: Throw Icicle
Confirm with . or Enter, or press ? or * to list all spells.
Aiming: Throw Icicle
Press: ? - help, Shift-Dir - straight line, f/p - adder skeleton
Aim: an adder skeleton The shard of ice hits the adder skeleton.
The adder skeleton partially resists.
You destroy the adder skeleton!
You start resting.
Eating one of 2 chunks of flesh.
This raw flesh tastes terrible.
You continue eating. x2
Magic restored.
You open the door.
There is an open door here.
An ogre comes into view. It is wielding a giant club.
The ogre shouts!
Found a scale mail.
An ogre is nearby!
An ogre is nearby!
An ogre is nearby!
An ogre is nearby!
Casting: Throw Icicle
Confirm with . or Enter, or press ? or * to list all spells.
Aiming: Throw Icicle
Press: ? - help, Shift-Dir - straight line, f - ogre
Aim: an ogre, wielding a giant club You miscast Throw Icicle.
You are very lightly contaminated with residual magic.
You shiver with cold.
Casting: Throw Icicle
Confirm with . or Enter, or press ? or * to list all spells.
Aiming: Throw Icicle
Press: ? - help, Shift-Dir - straight line, f/p - ogre
Aim: an ogre, wielding a giant club You miscast Throw Icicle.
Wisps of condensation drift from your hands.
All of the chunks of flesh in your inventory have rotted away.
Casting: Throw Icicle
Confirm with . or Enter, or press ? or * to list all spells.
Aiming: Freeze
Press: ? - help, Shift-Dir - straight line, f/p - ogre
Aim: an ogre, wielding a giant club You freeze the ogre.
The ogre is moderately wounded.
The ogre misses you.
Casting: Freeze
Confirm with . or Enter, or press ? or * to list all spells.
Aiming: Freeze
Press: ? - help, Shift-Dir - straight line, f/p - ogre
Aim: an ogre, wielding a giant club (moderately wounded)
You freeze the ogre.
The ogre is heavily wounded.
The ogre hits you with a giant club!!
Ouch! That really hurt!
Casting: Freeze
Confirm with . or Enter, or press ? or * to list all spells.
Aiming: Freeze
Press: ? - help, Shift-Dir - straight line, f/p - ogre
Aim: an ogre, wielding a giant club (heavily wounded)
You freeze the ogre.
The ogre is severely wounded.
Casting: Freeze
Confirm with . or Enter, or press ? or * to list all spells.
Aiming: Freeze
Press: ? - help, Shift-Dir - straight line, f/p - ogre
Aim: an ogre, wielding a giant club (severely wounded)
You freeze the ogre.
The ogre is severely wounded.
The ogre barely misses you.
Casting: Freeze
Confirm with . or Enter, or press ? or * to list all spells.
Aiming: Freeze
Press: ? - help, Shift-Dir - straight line, f/p - ogre
Aim: an ogre, wielding a giant club (severely wounded)
You freeze the ogre.
The ogre is almost dead.
The ogre hits you with a giant club!!
Ouch! That really hurt!
You die...

You could see an ogre.

Vanquished Creatures
  The ghost of epen the Poker, an amateur MfWr of Okawaru (D:4)
  4 gnolls (D:3)
  8 adders
  An ooze (D:2)
  An adder skeleton (D:4)
  2 worms
  2 dart slugs
  2 giant geckos
  4 giant cockroaches
  6 goblins
  3 hobgoblins
  10 jackals
  2 quokkas
  7 bats
  2 giant newts
  7 kobolds
  8 rats
70 creatures vanquished.

Action                   |  1- 3 |  4- 6 || total
-------------------------+-------+-------++-------
Melee: Unarmed           |     3 |       ||     3
       Short sword       |       |    10 ||    10
 Cast: Freeze            |    36 |    23 ||    59
       Throw Frost       |    30 |    37 ||    67
       Throw Icicle      |       |     2 ||     2
 Stab: Sleeping          |       |     1 ||     1
  Eat: Chunk             |     4 |     5 ||     9
Armor: Robe              |     4 |     7 ||    11
Dodge: Dodged            |    21 |    21 ||    42

Vault maps used:
D:1:      sevenhm_arrival_forest_fort_small_4, hangedman_decor_push
D:2:      minmay_door_path, elyvilon_altar_5, first_bread, grunt_gozag_statues
D:3:      lemuel_doored_altar
D:4:      minmay_temple_entry_fiery
